 Dungeon Crawl Stone Soup version 0.22-a0-433-gd2a9cce (webtiles) character file.

41 GameOver the Conjurer (level 3, -6/28 HPs)
             Began as a Naga Wizard on May 28, 2018.
             Mangled by an orc priest
             ... wielding a +0 flail
              (11 damage)
             ... on level 3 of the Dungeon.
             The game lasted 00:05:03 (1196 turns).

GameOver the Conjurer (Naga Wizard)                 Turns: 1196, Time: 00:05:03

Health: -6/28      AC:  3    Str:  9    XL:     3   Next: 52%
Magic:  7/7        EV:  9    Int: 19    God:
Gold:   108        SH:  0    Dex:  9    Spells: 2/8 levels left

rFire    . . .     SeeInvis +   c - +0 spear
rCold    . . .     Gourm    .   (no shield)
rNeg     . . .     Faith    .   a - +0 robe
rPois    +         Spirit   .   b - +0 hat
rElec    .         Reflect  .   (no cloak)
rCorr    .         Harm     .   k - +0 pair of gloves
MR       .....                  (no barding)
Stlth    +.........             (no amulet)
HPRegen  0.09/turn              (no ring)
MPRegen  0.10/turn              (no ring)

@: confused, flying, heavily drained, very slow
A: large, see invisible, deformed body, poison resistance, slowness 2, slow
metabolism 1, spit poison 1, AC +1
a: Spit Poison


You were on level 3 of the Dungeon.
You were hungry.

You visited 1 branch of the dungeon, and saw 3 of its levels.

You collected 108 gold pieces.

Inventory:

Hand Weapons
 c - a +0 spear (weapon)
Missiles
 j - 26 bolts
Armour
 a - a +0 robe (worn)
 b - a +0 hat (worn)
 k - a +0 pair of gloves (worn)
Scrolls
 e - a scroll of remove curse {unknown}
 f - 3 scrolls of amnesia {unknown}
 m - a scroll of blinking {unknown}
 o - 2 scrolls of fear {unknown}
 p - a scroll of teleportation {unknown}
 q - a scroll of identify {unknown}
Potions
 h - 2 potions of curing
 i - a potion of ambrosia
 l - a potion of heal wounds {unknown}
 n - a potion of brilliance {unknown}
Comestibles
 d - 4 rations


   Skills:
 - Level 1.5(0.0) Dodging
 - Level 3.0(1.4) Stealth
 - Level 3.0(1.4) Spellcasting
 + Level 3.3(1.7) Conjurations
   Level 1.0(0.0) Summonings
 - Level 1.0(0.0) Translocations


You had 2 spell levels left.
You knew the following spells:

 Your Spells              Type           Power        Failure   Level  Hunger
a - Magic Dart            Conj           #...         9%          1    ##.....
b - Blink                 Tloc           N/A          26%         2    ###....
d - Mephitic Cloud        Conj/Pois/Air  #.......     38%         3    ####...

Your spell library contained the following spells:

 Spells                   Type           Power        Failure   Level  Hunger
 Conjure Flame            Conj/Fire      #.......     36%         3    ####...
 Slow                     Hex            #.......     26%         2    ###....
 Call Imp                 Summ           #.......     26%         2    ###....


Dungeon Overview and Level Annotations

Branches:
Dungeon (3/15)

Altars:
Cheibriados
Yredelemnul
The Shining One


Innate Abilities, Weirdness & Mutations

You cannot wear boots.
Your serpentine skin is tough. (AC +1)
You have supernaturally acute eyesight. (SInv)
Armour fits poorly on your strangely shaped body.
Your system is resistant to poisons. (rPois)
You cover ground very slowly.
You have a slow metabolism.
You can spit poison.


Message History

You have got your breath back.
The orc priest calls down the wrath of Beogh upon you.
Pain shoots through your body!
Unknown command.
You completely miss the orc priest.
The orc priest is almost dead.
The orc priest invokes the aid of Beogh against you.
Beogh smites you!
* * * LOW HITPOINT WARNING * * *
An orc comes into view. It is wielding a falchion.
The orc shouts!
You bump into the rock wall.
The orc priest hits you with a flail.
* * * LOW HITPOINT WARNING * * *
The orc priest mumbles some strange prayers to Beogh against you.
Pain shoots through your body!
* * * LOW HITPOINT WARNING * * *
Unknown command.
You bump into the rock wall.
The orc priest looks more healthy.
The orc priest closely misses you. The orc priest hits you with a flail!
You die...

### ## #.. .# #.# .#
#.# #.## #.#
###..o####
####.####@..#.....
########.......goo...#
.............####.#.##
#######...#..# #o#.#
........#.#..# #.# #
#######...#..# #†# #
###.#..# #.?..# #
#.#......#..#
#.##.###. .##


You could see 2 orc priests, 2 orcs and a goblin.

Vanquished Creatures
  An adder (D:2)
  An ooze (D:2)
  2 leopard geckos
  An orc (D:3)
  A giant cockroach (D:2)
  2 hobgoblins (D:1)
  4 kobolds
  A quokka (D:2)
  3 bats
  2 frilled lizards (D:2)
  2 goblins (D:1)
  7 rats
27 creatures vanquished.

Notes
Turn   | Place    | Note
-------+----------+-------------------------------------------
     0 | D:1      | GameOver the Naga Wizard began the quest for the Orb.
     0 | D:1      | Reached XP level 1. HP: 15/15 MP: 4/4
    91 | D:1      | Reached XP level 2. HP: 11/22 MP: 3/6
   603 | D:2      | Found a basalt altar of Yredelemnul.
   606 | D:2      | Found a glowing golden altar of the Shining One.
   608 | D:2      | Noticed an angel
   617 | D:2      | Reached XP level 3. HP: 28/28 MP: 4/7
   621 | D:2      | Learned a level 2 spell: Blink
   625 | D:2      | Learned a level 3 spell: Mephitic Cloud
   730 | D:2      | Noticed a profane servitor
   990 | D:2      | Found a snail-covered altar of Cheibriados.
  1196 | D:3      | Mangled by an orc priest

Vault maps used:
D:1:      erik_arrival_blinker_ship
D:2:      grunt_temple_overflow_holy_war, cheibriados_altar_1
D:3:      led_sif_pool, overflow_temple_1_default

Skill      XL: |  1  2 |
---------------+-------+-----
Conjurations   | 2 3 |  3.3
Dodging        | |  1.5
Stealth        | |  3.0
Spellcasting   | |  3.0
Summonings     | |  1.0
Translocations | |  1.0

Action                   || total
-------------------------++-------
Melee: Spear             ||    17
 Cast: Magic Dart        ||    32
       Mephitic Cloud    ||     1
 Abil: Spit Poison       ||    19
  Use: Potion            ||     3
 Stab: Sleeping          ||     1
  Eat: Chunk             ||     1
Armor: Robe              ||     8
Dodge: Dodged            ||    13

Table legend:
 A = Spawn XP
 B = Non-spawn XP
 C = Spawn XP percentage of total XP
 D = Spawn monster count
 E = Non-spawn monster count
 F = Spawn count percentage of total count
 G = Total turns spent on level
                    A         B        C        D         E        F      G
               +---------+---------+-------+---------+---------+-------+---------
         Total |       0 |      59 |   0.0 |       0 |      27 |   0.0 |  1196
               +---------+---------+-------+---------+---------+-------+---------
           D:1 |       0 |      16 |   0.0 |       0 |      11 |   0.0 |   426
           D:2 |       0 |      35 |   0.0 |       0 |      13 |   0.0 |   704
           D:3 |       0 |       8 |   0.0 |       0 |       3 |   0.0 |    66
               +---------+---------+-------+---------+---------+-------+---------
